AoeStats
← TheLegendJTL

Marketplace

506571588Analyzed
1v1 RM · 16d ago on Sep 14, 2026· 59m 4s· 2 players
Game mode
Random Map
Map size
Tiny (2 player)
Population
200
Speed
Normal
Resources
Standard
Victory
Conquest
Starting age
Dark Age
Ending age
Imperial Age
RankedLock teamsTeams togetherTeam positionsShared explorationLock speedFull tech treeHidden civsTurbo modeCheats
Victory
Defeat
🇩🇪 Lithuanians · Germany
246
+11
🇺🇸 Japanese · United States
127
-11
TheLegendJTL
15:22 Feudal Age
16:43 Wheelbarrow
23:07 Double-Bit Axe
23:08 Horse Collar
25:21 Arson
24:59 Man-at-Arms
30:11 Castle Age
29:19 Forging
29:10 Scale Mail Armor
31:30 Chain Mail Armor
31:50 Iron Casting
31:21 Squires
31:07 Gambesons
30:46 Pikeman
30:47 Long Swordsman
34:21 Bow Saw
37:24 Heavy Plow
40:52 Guard Tower
42:00 Town Watch
45:50 Murder Holes
46:16 Ballistics
48:35 Town Patrol
48:56 Hand Cart
49:17 Yasama
52:34 Imperial Age
53:46 Conscription
lenomat
9:03 Loom
10:49 Feudal Age
13:05 Double-Bit Axe
13:02 Horse Collar
19:24 Castle Age
18:19 Gold Mining
23:27 Wheelbarrow
23:21 Bloodlines
23:48 Fervor
24:00 Sanctity
25:26 Forging
27:48 Fletching
28:05 Scale Barding Armor
28:36 Iron Casting
30:22 Bow Saw
30:51 Husbandry
33:11 Murder Holes
35:52 Heavy Plow
39:33 Imperial Age
37:29 Chain Barding Armor
37:10 Padded Archer Armor
37:52 Ballistics
37:13 Treadmill Crane
40:52 Hoardings
40:39 Conscription
41:27 Chemistry
42:53 Cavalier
43:43 Elite Skirmisher
45:03 Plate Barding Armor
44:24 Bodkin Arrow
44:45 Leather Archer Armor
46:44 Paladin
54:17 Thumb Ring
Connection lost

Rejoining the realm…

Still unreachable

The connection could not be restored.

Session expired

The server has moved on; the page needs a fresh start.